 Dungeon Crawl Stone Soup version 0.29-a0-11-ga75d3d97ab (webtiles) character file.

Game seed: 5322103393637839035

180 a3don the Digger (level 5, -2/48 HPs)
             Began as a Troll Earth Elementalist on Jan 28, 2022.
             Slain by Sigmund (13 damage)
             ... on level 3 of the Dungeon.
             The game lasted 00:04:14 (2234 turns).

a3don the Digger (Troll Earth Elementalist)         Turns: 2234, Time: 00:04:15

Health: -2/48      AC:  4    Str: 16    XL:     5   Next: 33%
Magic:  5/6        EV:  9    Int: 13    God:
Gold:   204        SH:  0    Dex: 10    Spells: 4/7 levels left

rFire   . . .      SeeInvis .     - Unarmed
rCold   . . .      Faith    .   (no shield)
rNeg    . . .      Spirit   .   x - +0 robe
rPois   .          Reflect  .   (helmet restricted)
rElec   .          Harm     .   (no cloak)
rCorr   .          Rampage  .   (gloves unavailable)
Will    .....                   (boots unavailable)
Stlth   +.........              (no amulet)
HPRegen 0.96/turn               (no ring)
MPRegen 0.10/turn               (no ring)

@: no status effects
A: large, unfitting armour, claws 3, regeneration 1, shaggy fur 1, tough skin 1
a: no special abilities


You were on level 3 of the Dungeon.
You visited 1 branch of the dungeon, and saw 3 of its levels.

You collected 204 gold pieces.

Inventory:

Hand Weapons
 b - a +1 vorpal hunting sling
 d - a +0 hunting sling
 h - a +1 long sword of holy wrath
 k - a +0 fustibalus
Missiles
 c - 91 stones
 j - 22 sling bullets
Armour
 x - a +0 robe (worn)
Jewellery
 l - an amulet of magic regeneration
Scrolls
 a - a scroll of teleportation {unknown}
 e - a scroll of enchant weapon {unknown}
 f - 3 scrolls of silence {unknown}
 g - 2 scrolls of identify {unknown}


   Skills:
 + Level 1.5 Fighting
 + Level 0.4 Slings
 - Level 1.5 Dodging
 - Level 1.0 Stealth
 + Level 1.9 Unarmed Combat
 + Level 1.9 Spellcasting
 + Level 1.6 Transmutations
 + Level 3.4 Earth Magic


You had 4 spell levels left.
You knew the following spells:

 Your Spells              Type           Power      Damage    Failure   Level
a - Sandblast             Erth           20%        2d7       6%          1
b - Passwall              Tmut/Erth      5%         N/A       14%         2

Your spell library contained the following spells:

 Spells                   Type           Power      Damage    Failure   Level
 Magic Dart               Conj           4%         1d3       26%         1
 Searing Ray              Conj           2%         2d4       36%         2
 Stone Arrow              Conj/Erth      10%        3d7       36%         3
 Petrify                  Tmut/Erth      7%         N/A       65%         4
 Fulminant Prism          Conj/Hex       0%         3d6       95%         4


Dungeon Overview and Level Annotations

Branches:
Dungeon (3/15)

Altars:

Annotations:
D:3 Sigmund


Innate Abilities, Weirdness & Mutations

You are too large for most types of armour.
You have claws for hands.
Your natural rate of healing is unusually fast.
You are covered in fur. (AC +1)
You have tough skin. (AC +1)


Message History

You bump into the rock wall.
Sigmund says, "You will soon forget everything."
Sigmund misses you.
You bump into the rock wall.
You're too confused to move!
Sigmund misses you.
You bump into the rock wall.
Sigmund casts a spell at you. The magic dart hits you!
You bump into the rock wall.
You're too confused to move!
Your transformation is almost over.
Sigmund closely misses you.
You bump into the rock wall.
You bump into the rock wall.
You're too confused to move!
Sigmund casts a spell at you. The magic dart hits you!
You bump into the rock wall.
Sigmund hits you from afar with a +0 scythe!
You bump into the rock wall.
You bump into the rock wall.
Sigmund hits you from afar with a +0 scythe!
* * * LOW HITPOINT WARNING * * *
You bump into the rock wall.
You feel less confused. Sigmund misses you.
It was a potion of cancellation.
Your magical effects are unravelling.
You feel magically purged.
Your transformation has ended.
Your +0 robe unmelds from your body.
Casting: Sandblast (safe; 6% risk of failure)
Confirm with . or Enter, or press ? or * to list all spells.
Aiming: Sandblast (safe; 6% risk of failure)
Press: ? - help, Shift-Dir - straight line, f/p - Sigmund
Aim: Sigmund, wielding a +0 scythe, wearing a +2 robe of willpower and carrying a wand of polymorph (7) (heavily wounded, 77% to hit)
The blast of sand hits Sigmund but does no damage.
Sigmund is heavily wounded.
Sigmund hits you from afar with a +0 scythe!
You die...

#. ... #.# ### #.# #≈# #.#
#≈# #.# ##≈## ###.######
#####.≈.## #....@.@.#
#.....≈..# #.#.####.#
#.###.≈..###.#..# #.#
#.##.#≈#........# #.# #
#.##.#≈#####....###.####.####
#.##.### #...............(#
#.##.### ##...########.##.#
.......# ##.## # .....### #.#


You could see Sigmund.

Vanquished Creatures
  A necrophage (D:3)
  3 adders
  A worm (D:3)
  3 dart slugs
  3 ball pythons (D:1)
  7 endoplasms
  3 giant cockroaches
  4 goblins
  5 hobgoblins
  8 jackals
  2 bats (D:1)
  2 frilled lizards
  6 kobolds
  4 rats
52 creatures vanquished.

Notes
Turn   | Place    | Note
-------+----------+-------------------------------------------
     0 | D:1      | a3don the Troll Earth Elementalist began the quest for the
                  | Orb.
     0 | D:1      | Reached XP level 1. HP: 16/16 MP: 1/1
   157 | D:1      | Reached XP level 2. HP: 24/24 MP: 3/3
   283 | D:1      | Reached skill level 1 in Transmutations
   645 | D:1      | Reached skill level 1 in Unarmed Combat
   645 | D:1      | Reached XP level 3. HP: 29/32 MP: 4/4
   663 | D:1      | Reached skill level 3 in Earth Magic
   814 | D:2      | Found a faded altar of an unknown god.
  1015 | D:2      | Reached skill level 1 in Fighting
  1358 | D:2      | Reached XP level 4. HP: 41/41 MP: 5/5
  1447 | D:2      | Learned a level 2 spell: Passwall
  1990 | D:3      | Noticed a necrophage
  2005 | D:3      | Killed a necrophage
  2006 | D:3      | Reached XP level 5. HP: 38/48 MP: 6/6
  2196 | D:3      | Noticed Sigmund
  2234 | D:3      | Slain by Sigmund

Illustrated notes

Levels and vault maps discovered:
D:1:      nzn_arrival_crosshair, layout_basic, roderic_lattice_a
D:2:      layout_basic, ebering_ecumenical_altar_ruins, serial_forest,
          infiniplex_forest_lined_2, infiniplex_forest_lined_2,
          infiniplex_forest_end_2, infiniplex_forest_end_3,
          infiniplex_forest_lined_room_2, minmay_octomino_e4
D:3:      layout_loops_corners, chequers_serial_rivers_micro_a, uniq_sigmund,
          uniq_jessica

Skill      XL: |  1  2  3 |
---------------+----------+-----
Transmutations | 1 |  1.6
Unarmed Combat | 1 |  1.9
Earth Magic    | 3 |  3.4
Fighting       | 1 |  1.5
Slings         | |  0.4
Dodging        | |  1.5
Stealth        | |  1.0
Spellcasting   | |  1.9

Action                   |  1- 3 |  4- 6 || total
-------------------------+-------+-------++-------
Melee: Unarmed           |   111 |    40 ||   151
       Punch             |     5 |     1 ||     6
 Fire: Hunting sling     |       |     8 ||     8
 Cast: Sandblast         |       |     4 ||     4
  Use: Potion            |       |     1 ||     1
 Stab: Sleeping          |     3 |     1 ||     4
Armor: Robe              |    33 |    12 ||    45
Dodge: Dodged            |    41 |    19 ||    60

Table legend: (Time is in decaauts)
 A = Elapsed time spent in this place.
 B = Non-inter-level travel time spent in this place.
 C = Inter-level travel time spent in this place.
 D = Time resting spent in this place.
 E = Time spent auto-exploring this place.
 F = Levels seen in this place.
 G = Mean time per level.
                   A        B        C        D        E       F      G
               +--------+--------+--------+--------+--------+-----+--------+
         Total |   2222 |   2171 |     51 |    100 |   1676 |   3 |  740.7 |
       Dungeon |   2222 |   2171 |     51 |    100 |   1676 |   3 |  740.7 |
               +--------+--------+--------+--------+--------+-----+--------+

Top non-repeatable levels by time:
     D:2: 987 daAuts
     D:1: 812 daAuts
     D:3: 421 daAuts
